 Dungeon Crawl Stone Soup version 0.30.1-11-g7821555f0a (webtiles) character file.

Game seed: 16896536098534675796

14 Peloso the Covered (level 2, 27/27 HPs)
             Began as a Minotaur Fighter on Nov 29, 2023.
             Got out of the dungeon alive.
             The game lasted 00:02:47 (688 turns).

Peloso the Covered (Minotaur Fighter)                Turns: 688, Time: 00:02:48

Health: 27/27      AC:  9    Str: 20    XL:     2   Next: 31%
Magic:  1/1        EV:  9    Int:  5    God:
Gold:   60         SH:  4    Dex:  9    Spells: 1/1 levels left

rFire   . . .        a - +0 long sword
rCold   . . .        d - +0 buckler
rNeg    . . .        b - +0 scale mail
rPois   .            (helmet unavailable)
rElec   .            c - +0 cloak
rCorr   .            l - +0 pair of gloves
SInv    .            (no boots)
Will    .....        k - amulet of guardian spirit Stlth
                     (no ring)
HPRegen 0.24/turn    (no ring)
MPRegen 0.07/turn

%: clarity, guardian spirit
@: no status effects
A: horns 3, retaliatory headbutt, clarity
a: no special abilities


You escaped.
You visited 1 branch of the dungeon, and saw 1 of its levels.

You collected 60 gold pieces.

Inventory:

Hand Weapons
 a - a +0 long sword (weapon)
Armour
 b - a +0 scale mail (worn)
 c - a +0 cloak (worn)
 d - a +0 buckler (worn)
 l - a +0 pair of gloves (worn)
 q - a +1 hat
Jewellery
 k - an amulet of guardian spirit (around neck)
Scrolls
 i - a scroll of enchant weapon
Potions
 h - a potion of might


   Skills:
 + Level 4.0 Fighting
 + Level 2.5 Long Blades
 + Level 4.0 Armour
 + Level 3.9 Shields


You had one spell level left.
You didn't know any spells.
Your spell library contained the following spells:

 Spells                   Type           Power      Damage    Failure   Level
 Scorch                   Fire           0%         2d5       95%         2
 Call Canine Familiar     Summ           0%         N/A       99%         3
 Portal Projectile        Hex/Tloc       0%         N/A       99%         3
 Flame Wave               Conj/Fire      0%         2d4       100%        4
 Leda's Liquefaction      Hex/Erth       0%         N/A       100%        4
 Summon Cactus Giant      Summ           0%         N/A       100%        6


Dungeon Overview and Level Annotations

Branches:
Dungeon (1/15)

Altars:


Innate Abilities, Weirdness & Mutations

You have a pair of large horns on your head.
You reflexively headbutt those who attack you in melee.
You possess an exceptional clarity of mind.


Message History

You headbutt the bat, but do no damage. You block the bat's attack.
The bat attacks as you move away! The bat hits you but does no damage. x2
You hit the bat.
You kill the bat!
It was a potion of haste.
You feel yourself speed up.
It was a potion of curing.
You feel better.
It was a potion of ambrosia.
You are confused.
You feel invigorated.
It was a potion of mutation.
You feel extremely strange.
Your thoughts seem clearer.
The horns on your head grow some more.
Your +1 hat falls away!
You bump into the rock wall.
You feel less invigorated.
You feel less confused.
g - a scroll labelled SIVIXT TUWOUBA
As you read the scroll labelled LOAFUNW CIAJ, it crumbles to dust.
You feel strangely unstable.
It was a scroll of teleportation.
Blink to where?
Press: ? - help, Dir - move target
As you read the scroll labelled DIPUBY ESSIRO, it crumbles to dust.
It was a scroll of blinking.
As you read the scroll labelled SIVIXT TUWOUBA, it crumbles to dust.
It is a scroll of identify.
i - a scroll of enchant weapon
As you read the scroll labelled MEMOIXK YQOVVU, it crumbles to dust.
It is a scroll of amnesia.
You feel forgetful for a moment.
As you read the scroll labelled WOKUQO OTODD, it crumbles to dust.
Wisps of shadow whirl around you...
It was a scroll of summoning.
Your surroundings suddenly seem different.
(D) Dungeon
Where to? (? - help)
What level of the Dungeon? (default 1, ? - help)
Your extra speed is starting to run out.
You feel yourself slow down.
There is an open door here.
There is a staircase leading out of the dungeon here.
Sorry, you're not good enough to have a special ability.
Are you sure you want to leave the Dungeon?
This will make you lose the game!
You have escaped!

##.#.# ##.#.## #..
.#...#
##########.....######..
#...[#
.......................
...#†#
#.........#...######..
##.#.# #.........##.##
####.. .#.#
#...###...##.# #.....
#.# #.[##.##..##.#
#.##.. #.#
#..#...#..##.####.###.
##.#.#
#..+.@.'.[##......# #.
...#.#
#..#...#..######### #.
####.#######..##.##..#
#. #
#...........###...# #.
# #######.#.........#
#. # #...........# #. #
##..........# ##### #.
# #######.#..# #...# #.
# #...## #.#.# #.


There were no monsters in sight!

Vanquished Creatures
  A dart slug (D:1)
  3 bats (D:1)
  An endoplasm (D:1)
  A giant cockroach (D:1)
  A goblin (D:1)
  A hobgoblin (D:1)
  A ball python (D:1)
  A kobold (D:1)
  2 rats (D:1)
12 creatures vanquished.

Notes
Turn   | Place    | Note
-------+----------+-------------------------------------------
     0 | D:1      | Peloso the Minotaur Fighter began the quest for the Orb.
     0 | D:1      | Reached XP level 1. HP: 19/19 MP: 0/0
   311 | D:1      | Reached XP level 2. HP: 27/27 MP: 1/1
   643 | D:1      | Gained mutation: You possess an exceptional clarity of
                  | mind. [potion of mutation]
   643 | D:1      | Gained mutation: You have a pair of large horns on your
                  | head. [potion of mutation]
   688 | D:$      | Got out of the dungeon alive.

Illustrated notes

Levels and vault maps discovered:
D:1:      dpeg_arrival_shelter, layout_loops_ring, serial_bayou_pond_a,
          chequers_serial_rivers_micro_b, minmay_heptomino_d4

Skill      XL: |  1  2 |
---------------+-------+-----
Armour         | 4 |  4.0
Fighting       | 4 |  4.0
Long Blades    | |  2.5
Shields        | |  3.9

Action                     || total
---------------------------++-------
  Melee: Long sword        ||    28
         Headbutt          ||     3
    Use: Scroll            ||     5
         Potion            ||     4
 Armour: Scale mail        ||    23
  Dodge: Dodged            ||     7
  Block: Buckler           ||     7
